 Dungeon Crawl Stone Soup version 0.31-a0-485-gaadceae713 (webtiles) character file.

Game seed: 1993297510131529569

1038 kae the Ruffian (level 8, 0/59 HPs)
             Began as a Green Draconian Shapeshifter on Aug 7, 2023.
             Slain by a sky beast (1 damage)
             ... on level 6 of the Dungeon.
             The game lasted 00:04:19 (4888 turns).

kae the Ruffian (Green Draconian Shapeshifter)      Turns: 4888, Time: 00:04:19

Health: 0/59       AC:  6    Str: 18    XL:     8   Next: 4%
Magic:  8/8        EV: 12    Int:  8    God:
Gold:   272        SH:  0    Dex: 14    Spells: 7/7 levels left

rFire   . .          .
                       - Unarmed
rCold   . . .        (no shield)
rNeg    . . .        (body armour unavailable)
rPois   +            (helmet currently unavailable)
rElec   .            (cloak currently unavailable)
rCorr   +            (gloves currently unavailable)
SInv    .            (boots currently unavailable)
Will    .....        (no amulet)
Stlth   +            R - ring of resist corrosion
HPRegen 0.29/turn    (no ring)
MPRegen 0.11/turn

%: no passive effects
@: short of breath, beast-form
A: beast (slay +4), breathe noxious fumes, AC +6, unfitting armour, poison
resistance, cold-blooded
a: Breathe Noxious Fumes, Begin Untransformation


You were on level 6 of the Dungeon.
You were a hulking beast.
You visited 2 branches of the dungeon, and saw 7 of its levels.

You collected 272 gold pieces.


Innate Abilities, Weirdness & Mutations

You are a hulking beast.
Your limbs bulge with bestial killing power. (Slay +4)
You can breathe blasts of noxious fumes.
Your lurid green scales are hard. (AC +6)
You cannot fit into any form of body armour.
Your system is resistant to poisons. (rPois)
You are cold-blooded and may be slowed by cold attacks.


   Skills:
 - Level 1.1 Fighting
 - Level 1.7 Dodging
 + Level 7.3 Unarmed Combat
 + Level 6.3 Shapeshifting


You had 7 spell levels left.
You didn't know any spells.
Your spell library contained the following spells:

 Spells                   Type           Power      Damage    Failure   Level
 Magic Dart               Conj           0%         1d3       41%         1
 Call Imp                 Summ           0%         N/A       54%         2
 Mephitic Cloud           Conj/Pois/Air  0%         N/A       78%         3

Inventory:

Missiles
 c - 42 stones
Magical Staves
 a - a staff of fire {!a}
   (You found it on level 3 of the Dungeon)
 j - a staff of conjuration {!a}
   (You found it on level 3 of the Dungeon)
 o - a staff of conjuration {!a}
   (You took it off a kobold on level 4 of the Dungeon)
Jewellery
 R - a ring of resist corrosion (left hand)
   (You found it on level 1 of the Dungeon)
 T - an amulet of faith {!P}
   (You found it on level 1 of the Dungeon)
 Z - a ring of wizardry
   (You found it on level 6 of the Dungeon)
Talismans
 b - a beast talisman (active)
Wands
 h - a wand of paralysis (7)
   (You found it on level 2 of the Dungeon)
 m - a wand of light (13)
   (You found it on level 4 of the Dungeon)
Scrolls
 e - 3 scrolls of vulnerability {!r!r}
 f - 3 scrolls of teleportation {@r4}
 i - 2 scrolls of enchant armour
Potions
 d - 2 potions of curing {@q1}
 g - 2 potions of mutation {!q}
 l - a potion of brilliance
 n - 2 potions of lignification {!q}

Dungeon Overview and Level Annotations

Branches:
Dungeon (6/15) Zot: 26850  Temple (1/1) D:4 Zot: 5998

Altars:
Ashenzari
Cheibriados
Dithmenos
Elyvilon
Gozag
Kikubaaqudgha
Makhleb
Nemelex Xobeh
Okawaru
Qazlal
Trog
Uskayaw
Vehumet
Wu Jian
Xom
Zin
The Shining One

Portals:
Sewer: D:6

....##.........
..#.##......... ......
.............. #.##.#
##..#...#..... #.##.#
#...~~~~~...## #.##.#
#.#~~~~~~~#...
####.##.###..~~~Y~~~..##
........#....~~~hY~~....
####......#)~~~o~~~~..#.
...).†....).#~~~~~~~#.#
#.#########...~~~~~....
..# #...#..~#..... ..#
#............. ..#
#.......###.## #.#######
#.....#.. ..
#.......###.....# #


You could see an ice beast, a sky beast and an orc.


Message History

You see here a +0 hand axe.
You start resting.
You hear the slow rusting of a drain nearby. 😨 HP[+4]
You regained 4 hp, and now have 17/52 hp.
Items here: )) [ ††.
Okay, then. 😨 HP[+1] 😨 HP[+1] 😨 HP[+1] 😨 HP[+1]
An orc comes into view. It is wielding a +1 vampiric hand axe.
The orc shouts!
You hear a shout! x3
The orc barely misses you.
You hit the orc.
Your tail-slap misses the orc.
A giant cockroach comes into view.
The orc closely misses you. 😨 HP[+1]
You closely miss the orc. The orc hits you but does no damage.
You punch the orc!
You kill the orc!
You see here a +1 vampiric hand axe.
An orc warrior comes into view. It is wielding a +0 mace.
The giant cockroach completely misses you.
You hit the giant cockroach.
You kill the giant cockroach! 😨 HP[+1]
An orc wizard comes into view. It is wielding a +0 dagger.
The orc wizard shouts!
You hear a shout!
The orc warrior hits you with a +0 mace.
* * * LOW HITPOINT WARNING * * *
You see here a giant cockroach corpse.
The orc wizard casts a spell.
The orc wizard flickers and vanishes!
Deactivating autopickup; reactivate with Ctrl-A.
An orc comes into view. It is wielding a +2 mace of protection.
You are confused.
Found a glowing drain. 😨 HP[+1] Unknown command.
You feel better.
The orc warrior closely misses you. 😮 HP[+6]
You regained 6 hp, and now have 30/52 hp.
The orc warrior attacks as you move away!
The orc warrior hits you with a +0 mace. 😮 HP[-3]
You take 3 damage, and now have 27/52 hp.
Aiming: Breathe Noxious Fumes (5% risk of failure)
Press: ? - help, Shift-Dir - straight line You exhale a blast of noxious fumes.
The blast of choking fumes hits the orc warrior.
Something hits the orc.
The orc warrior is engulfed in noxious fumes.
The orc warrior appears confused.
The orc warrior hits you with a +0 mace.
* * * LOW HITPOINT WARNING * * *
😨 HP[-4]
You take 4 damage, and now have 23/52 hp.
You hit the orc warrior.
You tail-slap the orc warrior, but do no damage.
The orc warrior is engulfed in noxious fumes.
The orc warrior appears confused.
The orc warrior hits you with a +0 mace!
* * * LOW HITPOINT WARNING * * *
The orc warrior hits itself with a +0 mace. 😱 HP[-12]
You take 12 damage, and now have 11/52 hp.
MASSIVE DAMAGE!! (PAUSE)
You punch the orc warrior! You tail-slap the orc warrior.
You kill the orc warrior!
You have reached level 8!
You feel agile. 😱 HP[+2] MP[+1]
You now have 59 max hp (+7).
You regained 2 hp, and now have 13/59 hp.
Your mp is fully restored (8).
You punch something!
Reactivating autopickup.
You feel a bit more experienced.
Unknown command.
You punch the orc!
You kill the orc!
Items here: )) [[ †. 😱 HP[+1]
An orc comes into view. It is wielding a +0 hand axe.
The orc shouts! 😨 HP[+1]
You enter the shallow water.
Moving in this stuff is going to be slow.
A sky beast comes into view.
An ice beast comes into view. 😨 HP[+1]
There is a glowing drain here. 😨 HP[+1]
The ice beast hits you.
* * * LOW HITPOINT WARNING * * *
The ice beast freezes you!
* * * LOW HITPOINT WARNING * * *
The sky beast hits you.
You die...

Skill      XL: |  1  2  3  4  5  6  7 |
---------------+----------------------+-----
Unarmed Combat | 4 5 6 7 |  7.3
Shapeshifting  | 4 5 6 |  6.3
Fighting       | |  1.1
Dodging        | |  1.7

Action                     |  1- 3 |  4- 6 |  7- 9 || total
---------------------------+-------+-------+-------++-------
  Melee: Unarmed           |    70 |   106 |    49 ||   225
         Tailslap          |     7 |     9 |     4 ||    20
         Punch             |       |     3 |     1 ||     4
Ability: Breathe Noxious F |       |       |     4 ||     4
    Use: Scroll            |     2 |     5 |     2 ||     9
         Potion            |     1 |     1 |     2 ||     4
   Stab: Confused          |       |       |     2 ||     2
         Sleeping          |       |       |     1 ||     1
 Armour: Skin              |    25 |    36 |    15 ||    76
  Dodge: Dodged            |    37 |    48 |    43 ||   128

Levels and vault maps discovered:
D:1:      heliophobic_arrival_glass_houses, layout_rooms, roderic_roman_lattice
D:2:      layout_basic
D:3:      layout_basic, mainiacjoe_overflow_six_doors_small,
          ebering_ecumenical_altar_rust, uniq_jessica
D:4:      layout_layer_cave, general_overflow_altar,
          minmay_temple_entry_sparse_star
D:5:      layout_basic, nemelex_xobeh_ov_fountains_minmay, serial_glass,
          glass_columns_a, glass_columns_c, serial_park_tiny_2,
          amcnicky_mini_pool_medium
D:6:      layout_basic, kennysheep_mini_moat, mainiacjoe_overflow_chevrons,
          serial_curves, eino_curves_02, eino_curves_01,
          cheibrodos_sewer_entry_drain, nicolae_water_bricks, grunt_ministairs_7
Temple:   jpeg_temple_clearing

Notes
Turn   | Place    | Note
-------+----------+-------------------------------------------
     0 | D:1      | kae the Draconian Shapeshifter began the quest for the Orb.
     0 | D:1      | Reached XP level 1. HP: 16/16 MP: 1/1
     0 | D:1      | magus.rc [v1.11.3]
   105 | D:1      | Reached XP level 2. HP: 21/23 MP: 2/2
   385 | D:1      | Reached XP level 3. HP: 28/28 MP: 3/3
   663 | D:2      | Reached skill level 4 in Unarmed Combat
   704 | D:2      | You pick up a book of Minor Magic and begin reading...
   704 | D:2      | You add the spells Magic Dart, Call Imp and Mephitic Cloud
                  | to your library.
   796 | D:2      | Reached XP level 4. HP: 34/35 MP: 4/4
  1691 | D:3      | Noticed Jessica
  1705 | D:3      | Killed Jessica
  1706 | D:3      | Reached skill level 4 in Shapeshifting
  1775 | D:3      | Reached XP level 5. HP: 36/40 MP: 5/5
  1796 | D:3      | HP: 10/40 [poisoned by an orc wizard]
  1941 | D:3      | HP: 15/60 [orc priest/+0 flail (4)]
  1943 | D:3      | Reached skill level 5 in Unarmed Combat
  2079 | D:3      | Found an opulent altar of Gozag.
  2240 | D:3      | Found a faded altar of an unknown god.
  2252 | D:3      | Reached XP level 6. HP: 23/47 MP: 6/6
  2259 | D:3      | HP: 11/47 [poisoned by a scorpion]
  3154 | D:4      | Reached skill level 5 in Shapeshifting
  3302 | D:4      | Found a staircase to the Ecumenical Temple.
  3764 | Temple   | Entered the Ecumenical Temple
  4036 | D:4      | Found a white marble altar of Elyvilon.
  4083 | D:5      | Entered Level 5 of the Dungeon
  4151 | D:5      | Found a sparkling altar of Nemelex Xobeh.
  4176 | D:5      | Reached skill level 6 in Unarmed Combat
  4203 | D:5      | Your scales start taking on a lurid green colour.
  4203 | D:5      | Reached XP level 7. HP: 35/52 MP: 7/7
  4203 | D:5      | Gained mutation: Your system is resistant to poisons.
                  | (rPois) [Green Draconian growth]
  4811 | D:6      | Reached skill level 6 in Shapeshifting
  4812 | D:6      | HP: 12/52 [orc/+0 hand axe (2)]
  4818 | D:6      | HP: 12/52 [hound (2)]
  4821 | D:6      | Reached skill level 7 in Unarmed Combat
  4825 | D:6      | HP: 13/52 [orc/+0 hand axe (1)]
  4868 | D:6      | Found a glowing drain.
  4873 | D:6      | HP: 11/52 [orc warrior/+0 mace (12)]
  4875 | D:6      | Reached XP level 8. HP: 13/59 MP: 8/8
  4888 | D:6      | HP: 1/59 [ice beast (14)]
  4888 | D:6      | Slain by a sky beast

Vanquished Creatures
  An orc warrior (D:6)
  2 black bears
  An ogre (D:5)
  A centaur (D:6)
  A phantom (D:4)
  A scorpion (D:3)
  3 hounds
  2 orc priests (D:3)
  2 iguanas (D:5)
  Jessica (D:3)
  3 orc wizards
  5 adders
  3 gnolls (D:2)
  A worm (D:3)
  A dart slug (D:4)
  14 orcs
  4 ball pythons
  10 endoplasms
  3 giant cockroaches
  6 goblins
  6 hobgoblins
  7 jackals
  10 kobolds
  2 quokkas
  4 bats
  4 frilled lizards
  4 rats
102 creatures vanquished.

Table legend:
 A = Non-vault XP
 B = Vault XP
 C = Vault XP percentage of total XP
 D = Non-vault monster count
 E = Vault monster count
 F = Vault count percentage of total count
                 A         B        C        D         E       F
            +---------+---------+-------+---------+---------+-------
      Total |    1335 |     149 |  10.0 |      94 |       8 |   7.8
            +---------+---------+-------+---------+---------+-------
        D:1 |      47 |       0 |   0.0 |      26 |       0 |   0.0
        D:2 |      77 |       0 |   0.0 |      18 |       0 |   0.0
        D:3 |     284 |      37 |  11.5 |      22 |       1 |   4.3
        D:4 |     116 |       0 |   0.0 |       8 |       0 |   0.0
        D:5 |     346 |     109 |  24.0 |       8 |       5 |  38.5
        D:6 |     465 |       3 |   0.6 |      12 |       2 |  14.3
            +---------+---------+-------+---------+---------+-------

Skill      XL: |  1  2  3  4  5  6  7 |
---------------+----------------------+-----
Unarmed Combat | 4 5 6 7 |  7.3
Shapeshifting  | 4 5 6 |  6.3
Fighting       | |  1.1
Dodging        | |  1.7

Action                     |  1- 3 |  4- 6 |  7- 9 || total
---------------------------+-------+-------+-------++-------
  Melee: Unarmed           |    70 |   106 |    49 ||   225
         Tailslap          |     7 |     9 |     4 ||    20
         Punch             |       |     3 |     1 ||     4
Ability: Breathe Noxious F |       |       |     4 ||     4
    Use: Scroll            |     2 |     5 |     2 ||     9
         Potion            |     1 |     1 |     2 ||     4
   Stab: Confused          |       |       |     2 ||     2
         Sleeping          |       |       |     1 ||     1
 Armour: Skin              |    25 |    36 |    15 ||    76
  Dodge: Dodged            |    37 |    48 |    43 ||   128

Illustrated notes

Table legend:
 A = Kills in this place as a percentage of kills in the entire game.
 B = Kills by you in this place as a percentage of kills by you in the entire game.
 C = Kills by friends in this place as a percentage of kills by friends in the entire game.
 D = Other kills in this place as a percentage of other kills in the entire game.
 E = Experience gained in this place as a percentage of experience gained in the entire game.
 F = Experience gained in this place divided by the number of levels of this place that you have seen.
                   A       B       C       D       E      F
               +-------+-------+-------+-------+-------+----------------------
         Total | 100.0 | 100.0 |   N/A |   N/A | 100.0 | 212.0
       Dungeon | 100.0 | 100.0 |   N/A |   N/A | 100.0 | 247.3
               +-------+-------+-------+-------+-------+----------------------

Table legend: (Time is in decaauts)
 A = Elapsed time spent in this place.
 B = Non-inter-level travel time spent in this place.
 C = Inter-level travel time spent in this place.
 D = Time resting spent in this place.
 E = Time spent auto-exploring this place.
 F = Levels seen in this place.
 G = Mean time per level.
                   A        B        C        D        E       F      G
               +--------+--------+--------+--------+--------+-----+--------+
         Total |   4882 |   4681 |    201 |    194 |   3858 |   7 |  697.4 |
       Dungeon |   4880 |   4681 |    199 |    194 |   3858 |   6 |  813.3 |
        Temple |      1 |      0 |      1 |      0 |      0 |   1 |    1.0 |
               +--------+--------+--------+--------+--------+-----+--------+

Top non-repeatable levels by time:
     D:4: 1379 daAuts
     D:3: 1077 daAuts
     D:2: 1026 daAuts
     D:5: 649 daAuts
     D:1: 598 daAuts
     D:6: 148 daAuts
  Temple: 1 daAuts
